 Dungeon Crawl Stone Soup version 0.28-a0-677-g3278d6a771 (console) character file.

Game seed: 5821807975913676471

4 1020 the Grave Robber (level 1, 0/13 HPs)
             Began as a Demonspawn Necromancer on Oct 18, 2021.
             Slain by a jackal (1 damage)
             ... on level 1 of the Dungeon.
             The game lasted 00:00:39 (65 turns).

1020 the Grave Robber (Demonspawn Necromancer)        Turns: 65, Time: 00:00:39

Health: 0/13       AC:  2    Str:  8    XL:     1   Next: 58%
Magic:  1/3        EV: 12    Int: 16    God:
Gold:   0          SH:  0    Dex: 13    Spells: 3/4 levels left

rFire   . . .      SeeInvis .   b - +1 dagger (venom)
rCold   . . .      Faith    .   (no shield)
rNeg    . . .      Spirit   .   a - +0 robe
rPois   .          Reflect  .   (no helmet)
rElec   .          Harm     .   (no cloak)
rCorr   .          Rampage  .   (no gloves)
Will    .....                   (no boots)
Stlth   ++........              (no amulet)
HPRegen 0.04/turn               (no ring)
MPRegen 0.08/turn               (no ring)

@: no status effects
A: no striking features
a: no special abilities


You were on level 1 of the Dungeon.
You visited 1 branch of the dungeon, and saw 1 of its levels.

Inventory:

Hand Weapons
 b - a +1 dagger of venom (weapon)
Armour
 a - a +0 robe (worn)


   Skills:
 + Level 1.7 Dodging
 + Level 1.7 Stealth
 + Level 2.0 Spellcasting
 + Level 4.6 Necromancy


You had 3 spell levels left.
You knew the following spells:

 Your Spells              Type           Power      Damage    Failure   Level
a - Pain                  Necr           64%        1d7       3%          1

Your spell library contained the following spells:

 Spells                   Type           Power      Damage    Failure   Level
 Animate Skeleton         Necr           32%        N/A       3%          1
 Vampiric Draining        Necr           8%         2d7       10%         3
 Animate Dead             Necr           8%         N/A       30%         4
 Agony                    Necr           16%        N/A       65%         5


Dungeon Overview and Level Annotations

Branches:
Dungeon (1/15)

Altars:


Message History

Aim: a jackal (chance to affect: 85%)
The jackal writhes in agony.
The jackal misses you. The jackal closely misses you.
Casting: Pain (safe; 3% risk of failure)
Confirm with . or Enter, or press ? or * to list all spells.
Aiming: Pain (safe; 3% risk of failure)
Press: ? - help, Shift-Dir - straight line, f/p - jackal
Aim: a jackal (moderately wounded, chance to affect: 85%)
The jackal writhes in agony!
You kill the jackal!
A hobgoblin comes into view.
The jackal misses you.
You closely miss the jackal.
The jackal bites you but does no damage.
The jackal closely misses you.
Memorise Animate Skeleton, consuming 1 spell level and leaving 2?
The jackal closely misses you. x2
You start memorising the spell.
You continue memorising.
The jackal bites you.
Your memorisation is interrupted.
The jackal bites you but does no damage.
The jackal barely misses you. The jackal misses you.
You hit the jackal.
The jackal is poisoned.
The jackal is heavily wounded.
The jackal bites you. The jackal misses you. The jackal bites you.
The jackal barely misses you.
You hit the jackal but do no damage.
The jackal looks as sick as possible!
The jackal is almost dead.
You kill the jackal!
The jackal closely misses you. The jackal bites you.
* * * LOW HITPOINT WARNING * * *
Casting: Pain (safe; 3% risk of failure)
Confirm with . or Enter, or press ? or * to list all spells.
You don't know that spell.
The jackal barely misses you. The jackal bites you.
* * * LOW HITPOINT WARNING * * *
You hit the jackal.
The jackal is moderately wounded.
The jackal barely misses you. The jackal closely misses you.
The jackal bites you.
You die...

.≈≈≈≈≈≈≈≈≈≈..≈≈≈≈≈≈≈≈≈
..≈≈≈≈≈≈≈≈≈≈..≈≈≈≈≈≈≈≈
..≈≈≈≈≈≈≈≈≈...≈≈≈≈≈≈≈≈
..≈≈≈≈≈≈≈≈≈....≈≈≈≈#####
..≈≈≈≈≈≈≈≈.......≈##...##
...≈≈≈≈≈≈≈........#.....#
...≈≈≈≈≈≈.........'..<>.#
....≈≈.w.....≈≈≈..#.....#
#......h@....≈≈≈≈≈##...##
......†h....≈≈≈≈≈≈≈#####
.......g...≈≈≈≈≈≈≈≈≈≈
......##+##≈≈≈≈≈≈≈≈≈≈≈
...≈≈# ##≈≈≈≈≈≈≈≈≈≈≈
..≈≈≈ #≈≈≈≈≈≈≈≈≈≈≈ ..≈≈
≈≈≈ ..≈≈ ≈≈


You could see a dart slug, 2 jackals and a hobgoblin.

Vanquished Creatures
  2 jackals (D:1)
  A kobold (D:1)
  A ball python (D:1)
4 creatures vanquished.

Notes
Turn   | Place    | Note
-------+----------+-------------------------------------------
     0 | D:1      | 1020 the Demonspawn Necromancer began the quest for the
                  | Orb.
     0 | D:1      | Reached XP level 1. HP: 13/13 MP: 3/3
    65 | D:1      | Slain by a jackal

Illustrated notes

Levels and vault maps discovered:
D:1:      minmay_arrival_shoal_huts, layout_basic,
          ebering_ecumenical_altar_hall, serial_shops, shop

Action                   || total
-------------------------++-------
Melee: Dagger            ||     7
 Cast: Pain              ||     3
Armor: Robe              ||     4
Dodge: Dodged            ||    18

Table legend: (Time is in decaauts)
 A = Elapsed time spent in this place.
 B = Non-inter-level travel time spent in this place.
 C = Inter-level travel time spent in this place.
 D = Time resting spent in this place.
 E = Time spent auto-exploring this place.
 F = Levels seen in this place.
 G = Mean time per level.
                   A        B        C        D        E       F      G
               +--------+--------+--------+--------+--------+-----+--------+
         Total |     65 |     65 |      0 |      0 |     17 |   1 |   65.0 |
       Dungeon |     65 |     65 |      0 |      0 |     17 |   1 |   65.0 |
               +--------+--------+--------+--------+--------+-----+--------+

Top non-repeatable levels by time:
     D:1: 65 daAuts
